 Dungeon Crawl Stone Soup version 0.29.1-14-g9c671dbff4 (webtiles) character file.

Game seed: 1226338539421057026

520 protoss039 the Digger (level 7, 53/53 HPs)
             Began as a Demonspawn Earth Elementalist on Feb 16, 2023.
             Got out of the dungeon alive.
             The game lasted 00:05:05 (4126 turns).

protoss039 the Digger (DsEE)                        Turns: 4126, Time: 00:05:06

Health: 53/53      AC:  2    Str:  9    XL:     7   Next: 1%
Magic:  13/13      EV: 12    Int: 18    God:
Gold:   126        SH:  4    Dex: 13    Spells: 8/14 levels left

rFire   . . .      SeeInvis .   f - +0 flail (drain)
rCold   . . .      Faith    .   (no shield)
rNeg    . . .      Spirit   .   a - +0 robe
rPois   .          Reflect  .   (helmet restricted)
rElec   .          Harm     .   (no cloak)
rCorr   .          Rampage  .   (no gloves)
Will    .....                   (no boots)
Stlth   ++........              (no amulet)
HPRegen 0.17/turn               (no ring)
MPRegen 0.13/turn               (no ring)

@: no status effects
A: antennae 1, foul stench 1, condensation shield
a: no special abilities


You escaped.
You visited 1 branch of the dungeon, and saw 4 of its levels.

You collected 126 gold pieces.

Inventory:

Hand Weapons
 f - a +0 flail of draining (weapon)
Armour
 a - a +0 robe (worn)
Scrolls
 c - a scroll of identify
 d - a scroll of poison {unknown}
 e - 2 scrolls of enchant armour
 g - a scroll of magic mapping
Potions
 b - a potion of magic
 h - 2 potions of haste
 j - a potion of brilliance
 l - a potion of might


   Skills:
 + Level 3.9 Fighting
 - Level 1.7 Dodging
 - Level 1.7 Stealth
 + Level 4.2 Spellcasting
 + Level 1.3 Conjurations
 - Level 0.8 Transmutations
 + Level 4.6 Earth Magic


You had 8 spell levels left.
You knew the following spells:

 Your Spells              Type           Power      Damage    Failure   Level
a - Sandblast             Erth           40%        2d10      2%          1
b - Passwall              Tmut/Erth      10%        N/A       7%          2
c - Stone Arrow           Conj/Erth      28%        3d8       13%         3

Your spell library contained the following spells:

 Spells                   Type           Power      Damage    Failure   Level
 Ignite Poison            Fire/Tmut/Pois 4%         N/A       36%         3
 Mephitic Cloud           Conj/Pois/Air  5%         N/A       36%         3
 Petrify                  Tmut/Erth      13%        N/A       43%         4
 Freezing Cloud           Conj/Ice/Air   2%         6-21      98%         5


Dungeon Overview and Level Annotations

Branches:
Dungeon (4/15) Zot: 19833
 Temple: D:4-7

Altars:
Wu Jian

Shops:
D:1 ?

Annotations:
D:4 1 runed translucent door, Crazy Yiuf


Innate Abilities, Weirdness & Mutations

You have a pair of small antennae on your head.
You may rarely emit foul miasma when damaged in melee.
A meltable shield of frost defends you. (SH +4)


Message History

Your life force feels restored.
You have reached level 7!
Your demonic ancestry asserts itself...
A pair of antennae grows on your head! The ball python closely misses you.
The ball python grabs you. The ball python constricts you.
The ball python bites you.
You emit a cloud of foul miasma!
The ball python constricts you.
Unknown command.
You barely miss the ball python.
The ball python is engulfed in dark miasma.
The ball python is poisoned.
You kill the ball python!
Unknown command.
No target in view!
Unknown command.
No target in view!
Unknown command.
You see here a ball python corpse.
There is a stone staircase leading up here.
You climb upwards.
There is a stone staircase leading down here.
(D) Dungeon
Where to? (Enter - D:4 @ (x,y), ? - help)
What level of the Dungeon? (default 1, ? - help)
There is a stone staircase leading down here.
HP restored.
You see here a scroll of noise.
There is a stone staircase leading up here.
You climb upwards.
There is a stone staircase leading down here.
There is an escape hatch in the floor here.
There is a stone staircase leading up here.
You climb upwards.
There is a stone staircase leading down here.
There is an open door here.
There is an open door here.
There is an open door here.
There is a staircase leading out of the dungeon here.
Are you sure you want to leave the Dungeon?
This will make you lose the game!
You have escaped!

#########
#.......#
#.##+##.#
#.#...#.#
#.#.@.#.#
#.##'##.###
#.....'.'.#
#######'#.####
#......#
######.#
#.#### #....#
####.# ##


There were no monsters in sight!

Vanquished Creatures
  Grinder (D:3)
  An ogre (D:4)
  A hound (D:4)
  Natasha (thrice) (D:3)
  6 adders
  A white imp (D:4)
  3 worms (D:3)
  16 orcs
  2 ball pythons (D:4)
  3 endoplasms
  A giant cockroach (D:2)
  5 goblins
  3 hobgoblins
  2 jackals (D:1)
  3 quokkas
  A bat (D:2)
  4 frilled lizards
  8 kobolds
  4 rats
68 creatures vanquished.

Notes
Turn   | Place    | Note
-------+----------+-------------------------------------------
     0 | D:1      | protoss039 the Demonspawn Earth Elementalist began the
                  | quest for the Orb.
     0 | D:1      | Reached XP level 1. HP: 13/13 MP: 3/3
   408 | D:1      | Found Wumpaozu's Magic Scroll Emporium.
   688 | D:1      | Found a faded altar of an unknown god.
   751 | D:2      | Gained mutation: A meltable shield of frost defends you.
                  | (SH +4) [demonic ancestry]
   751 | D:2      | Reached XP level 2. HP: 20/20 MP: 3/5
   813 | D:2      | Reached skill level 1 in Fighting
  1136 | D:2      | Found an ornate altar of the Wu Jian Council.
  1160 | D:2      | HP: 1/21 [poisoned by an adder]
  1171 | D:2      | Reached XP level 3. HP: 2/26 MP: 0/6
  1871 | D:2      | Learned a level 2 spell: Passwall
  1872 | D:3      | Noticed Natasha
  1875 | D:3      | Killed Natasha
  1984 | D:3      | Gained mutation: You may rarely emit foul miasma when
                  | damaged in melee. [demonic ancestry]
  1984 | D:3      | Reached XP level 4. HP: 33/33 MP: 6/8
  2295 | D:3      | Noticed Natasha
  2300 | D:3      | Killed Natasha
  2540 | D:3      | Noticed Grinder
  2562 | D:3      | Paralysed by Grinder for 4 turns
  2564 | D:3      | HP: 1/34 [Grinder (3)]
  2570 | D:3      | Killed Grinder
  2571 | D:3      | Reached XP level 5. HP: 3/41 MP: 1/10
  2571 | D:3      | Reached XP level 6. HP: 4/47 MP: 1/11
  2821 | D:3      | Noticed Natasha
  2828 | D:3      | Killed Natasha
  3257 | D:3      | Learned a level 3 spell: Stone Arrow
  3590 | D:4      | Found a runed translucent door.
  3591 | D:4      | Noticed Crazy Yiuf
  3646 | D:4      | Reached skill level 1 in Conjurations
  3955 | D:4      | Gained mutation: You have a pair of small antennae on your
                  | head. [demonic ancestry]
  3955 | D:4      | Reached XP level 7. HP: 43/53 MP: 13/13
  4126 | D:$      | Got out of the dungeon alive.

Illustrated notes

Levels and vault maps discovered:
D:1:      ncdulo_smallfort, layout_loops_ring, serial_shops,
          nicolae_shop_crystal, dilly_ecumenical_altar_fadedgnrine
D:2:      layout_rooms, basic_altar
D:3:      layout_rooms, uniq_grinder, uniq_natasha
D:4:      layout_loops_ring, uniq_crazy_yiuf_cottage

Skill      XL: |  1  2  3  4  5  6 |
---------------+-------------------+-----
Fighting       | 1 2 3 |  3.9
Earth Magic    | 3 4 |  4.6
Spellcasting   | 3 4 |  4.2
Conjurations   | 1 |  1.3
Dodging        | |  1.7
Stealth        | |  1.7
Transmutations | |  0.8

Action                   |  1- 3 |  4- 6 |  7- 9 || total
-------------------------+-------+-------+-------++-------
Melee: Unarmed           |     2 |       |       ||     2
       Dagger            |     3 |    31 |       ||    34
       Flail             |       |     3 |     1 ||     4
 Cast: Sandblast         |    32 |    84 |       ||   116
  Use: Scroll            |     2 |     4 |       ||     6
       Potion            |     1 |     4 |       ||     5
 Stab: Sleeping          |       |     1 |       ||     1
Armor: Robe              |     2 |     7 |       ||     9
       Skin              |       |     1 |       ||     1
Dodge: Dodged            |    15 |    54 |     1 ||    70
Block: Other             |     8 |    15 |       ||    23
